[Event "10th Uppsala Young Champions 2023"]
[Site "Uppsala"]
[Date "2023.10.29"]
[Round "4.9"]
[White "Frank, Anton"]
[Black "Morell, Ludvig"]
[Result "0-1"]
[ECO "B81"]
[WhiteElo "1997"]
[BlackElo "2017"]
[Annotator "NA RC"]
[PlyCount "86"]
[EventDate "2023.10.27"]
[EventType "swiss"]
[EventCountry "SWE"]
[SourceTitle "playchess.com"]
[Source "ChessBase"]
[SourceQuality "1"]
[TimeControl "5400+30"]

1. e4 c5 2. Nf3 d6 3. d4 cxd4 4. Nxd4 Nf6 5. Nc3 a6 6. h3 e6 7. g4 d5 8. exd5 Nxd5 9. Nde2 Nxc3 10. Qxd8+ Kxd8 11. Nxc3 Bd7 12. Be3 Bc6 13. O-O-O+ Nd7 14. Rg1 Bb4 15. Bg2 Bxg2 16. Rxg2 Bxc3 17. bxc3 Ke7 18. g5 Rhg8 19. f4 h6 20. Rgd2 Rad8 21. gxh6 gxh6 22. f5 exf5 23. Bf4 Nf6 24. Bxh6 Ne4 25. Rd4 Rxd4 26. cxd4 Rh8 27. Bf4 Rxh3 28. d5 Nc3 29. Re1+ Kd7 30. d6 Ne4 31. Rd1 Rh4 32. Be5 Rh6 33. Rf1 Nxd6 34. Bxd6 Rxd6 35. Rxf5 Ke6 36. Rh5 Rd7 37. Kb2 f5 38. Kc3 Ke5 39. Rh8 Ke4 40. Re8+ Kf3 41. Kb4 Rc7 42. c4 f4 43. Kc3 b5 0-1

[Event "10th Uppsala Young Champions 2023"]
[Site "Uppsala"]
[Date "2023.10.29"]
[Round "4.10"]
[White "Ostensson, Julia"]
[Black "Valcu, Lavinia"]
[Result "1-0"]
[ECO "B06"]
[WhiteElo "1878"]
[BlackElo "1990"]
[Annotator "NA RC"]
[PlyCount "25"]
[EventDate "2023.10.27"]
[EventType "swiss"]
[EventCountry "SWE"]
[SourceTitle "playchess.com"]
[Source "ChessBase"]
[SourceQuality "1"]
[TimeControl "5400+30"]

1. e4 g6 2. d4 Bg7 3. Nc3 d6 4. Be3 a6 5. f4 b5 6. Be2 Nd7 7. e5 c5 8. Nf3 Nh6 9. dxc5 dxe5 10. c6 Nb8 11. Qxd8+ Kxd8 12. Bb6+ Ke8 13. Nd5 1-0

[Event "10th Uppsala Young Champions 2023"]
[Site "Uppsala"]
[Date "2023.10.29"]
[Round "4.11"]
[White "Nilsson, Oliver"]
[Black "Muntean, Victor"]
[Result "0-1"]
[ECO "C56"]
[WhiteElo "1933"]
[BlackElo "2092"]
[Annotator "NA"]
[PlyCount "50"]
[EventDate "2023.10.27"]
[EventType "swiss"]
[EventCountry "SWE"]
[SourceTitle "playchess.com"]
[Source "ChessBase"]
[SourceQuality "1"]
[TimeControl "5400+30"]

1. e4 e5 2. Nf3 Nc6 3. Bc4 Nf6 4. d4 exd4 5. e5 d5 6. Bb5 Ne4 7. Nxd4 Bc5 8. Be3 O-O 9. Nxc6 bxc6 10. Bxc5 Nxc5 11. Bxc6 Rb8 12. Qxd5 Qe7 13. O-O Rxb2 14. Nc3 Rd8 15. Qf3 Ne6 16. Nd5 Qc5 17. Rad1 Kf8 18. c4 Rxa2 19. Qe4 Ng5 20. Qh4 h6 21. Nb4 Rad2 22. Bd5 Rxd1 23. Rxd1 Qxb4 24. f4 Qc5+ 25. Kh1 Qxc4 0-1

[Event "10th Uppsala Young Champions 2023"]
[Site "Uppsala"]
[Date "2023.10.30"]
[Round "5.1"]
[White "Gavrilescu, David"]
[Black "Sorensen, Hampus"]
[Result "1-0"]
[ECO "C50"]
[WhiteElo "2534"]
[BlackElo "2470"]
[Annotator "RC"]
[PlyCount "83"]
[EventDate "2023.10.27"]
[EventType "swiss"]
[EventCountry "SWE"]
[SourceTitle "playchess.com"]
[Source "ChessBase"]
[SourceQuality "1"]
[TimeControl "5400+30"]

1. e4 e5 2. Nf3 Nc6 3. Bc4 Bc5 4. d3 Nf6 5. Nc3 h6 6. O-O O-O 7. h3 a6 8. Be3 Bxe3 9. fxe3 d6 10. a4 Be6 11. b3 Ne7 12. Bxe6 fxe6 13. d4 Ng6 14. Qd3 Qe8 15. Rad1 Qc6 16. Nd2 Nh5 17. d5 exd5 18. exd5 Qe8 19. Nce4 Qe7 20. a5 Rxf1+ 21. Rxf1 Rf8 22. c4 Nf6 23. b4 Nxe4 24. Qxe4 Rxf1+ 25. Nxf1 Nf8 26. Ng3 Qg5 27. Qf3 Qh4 28. Nf5 Qf6 29. c5 dxc5 30. bxc5 Nd7 31. d6 cxd6 32. cxd6 Kh7 33. g4 Qe6 34. Qxb7 h5 35. Qb4 Qd5 36. Qb1 Kh8 37. Qc2 Nc5 38. e4 Nxe4 39. d7 Nc5 40. Ne3 Qxd7 41. Qxc5 hxg4 42. hxg4 1-0

[Event "10th Uppsala Young Champions 2023"]
[Site "Uppsala"]
[Date "2023.10.30"]
[Round "5.2"]
[White "Falkevall, Axel"]
[Black "Stefansson, Vignir Vatnar"]
[Result "1/2-1/2"]
[ECO "E04"]
[WhiteElo "2280"]
[BlackElo "2484"]
[Annotator "RC"]
[PlyCount "80"]
[EventDate "2023.10.27"]
[EventType "swiss"]
[EventCountry "SWE"]
[SourceTitle "playchess.com"]
[Source "ChessBase"]
[SourceQuality "1"]
[TimeControl "5400+30"]

1. d4 d5 2. c4 e6 3. Nf3 Nf6 4. g3 dxc4 5. Bg2 Nbd7 6. O-O Rb8 7. a4 a6 8. a5 b5 9. axb6 Rxb6 10. Nbd2 Rb4 11. Ra4 Nb6 12. Rxb4 Bxb4 13. Nxc4 O-O 14. Nfe5 Nxc4 15. Nxc4 Bd7 16. Qb3 c5 17. dxc5 Bxc5 18. Be3 Bxe3 19. Qxe3 Bb5 20. Na3 Qb8 21. Rc1 Rd8 22. h3 h6 23. Nxb5 Qxb5 24. b3 Qb4 25. Qc3 Rd1+ 26. Kh2 Qxc3 27. Rxc3 Rd2 28. Bf3 Rb2 29. Kg2 Nd7 30. Rc6 Ne5 31. Rxa6 Nxf3 32. Kxf3 Rxb3+ 33. Kg2 g6 34. e3 Kg7 35. Ra7 Kg8 36. Ra6 h5 37. h4 Kg7 38. Ra7 Rb2 39. Rc7 Ra2 40. Rb7 Kf6 1/2-1/2

[Event "10th Uppsala Young Champions 2023"]
[Site "Uppsala"]
[Date "2023.10.30"]
[Round "5.3"]
[White "Grahn, Vidar"]
[Black "Domalchuk-Jonasson, Aleksandr"]
[Result "1/2-1/2"]
[ECO "D30"]
[WhiteElo "2133"]
[BlackElo "2392"]
[Annotator "RC"]
[PlyCount "81"]
[EventDate "2023.10.27"]
[EventType "swiss"]
[EventCountry "SWE"]
[SourceTitle "playchess.com"]
[Source "ChessBase"]
[SourceQuality "1"]
[TimeControl "5400+30"]

1. d4 d5 2. c4 e6 3. Nf3 a6 4. g3 dxc4 5. Bg2 Nc6 6. e3 Rb8 7. Nfd2 Nge7 8. Nxc4 b5 9. Ncd2 Bb7 10. O-O Nc8 11. Nc3 Be7 12. b3 O-O 13. Bb2 Nb4 14. Nde4 f5 15. Nc5 Bxg2 16. Kxg2 Bxc5 17. dxc5 Nd3 18. Qc2 Nxb2 19. Qxb2 Ne7 20. Rfd1 Qe8 21. Ne2 Rd8 22. Nf4 Rxd1 23. Rxd1 g5 24. Nd3 h5 25. Ne5 Nd5 26. c6 h4 27. Nd7 Qh5 28. Rxd5 exd5 29. f3 hxg3 30. hxg3 g4 31. fxg4 fxg4 32. Nf6+ Rxf6 33. Qxf6 Qh3+ 34. Kf2 Qh2+ 35. Kf1 Qh1+ 36. Kf2 Qh2+ 37. Kf1 Qxg3 38. Qg6+ Kf8 39. Qf6+ Kg8 40. Qg6+ Kf8 41. Qf6+ 1/2-1/2

[Event "10th Uppsala Young Champions 2023"]
[Site "Uppsala"]
[Date "2023.10.30"]
[Round "5.4"]
[White "Tripathi, Pratyush"]
[Black "Omarsson, Adam"]
[Result "0-1"]
[ECO "E94"]
[WhiteElo "1801"]
[BlackElo "1946"]
[Annotator "RC"]
[PlyCount "68"]
[EventDate "2023.10.27"]
[EventType "swiss"]
[EventCountry "SWE"]
[SourceTitle "playchess.com"]
[Source "ChessBase"]
[SourceQuality "1"]
[TimeControl "5400+30"]

1. d4 Nf6 2. c4 g6 3. Nc3 Bg7 4. e4 d6 5. Be2 O-O 6. Be3 Na6 7. Nf3 e5 8. O-O c6 9. a3 Qe7 10. dxe5 dxe5 11. b4 Ng4 12. Bg5 f6 13. Bc1 f5 14. c5 Rd8 15. Qb3+ Be6 16. Qb2 f4 17. h3 Nh6 18. Bxa6 bxa6 19. Qe2 a5 20. Nd2 axb4 21. axb4 Rd4 22. Ba3 Rad8 23. Rfd1 Nf7 24. Nf3 Ng5 25. Nxg5 Qxg5 26. Qf3 Bc4 27. Bb2 Rd2 28. Rxd2 Rxd2 29. Nd1 Qd8 30. Rc1 Rd3 31. Qe2 Bb3 32. Nc3 Rd2 33. Qa6 Rxb2 34. Qa3 Qd2 0-1

[Event "10th Uppsala Young Champions 2023"]
[Site "Uppsala"]
[Date "2023.10.30"]
[Round "5.5"]
[White "Ljung, Harald"]
[Black "Oksendal, Martin"]
[Result "1-0"]
[ECO "A08"]
[WhiteElo "2159"]
[BlackElo "2123"]
[Annotator "RC"]
[PlyCount "153"]
[EventDate "2023.10.27"]
[EventType "swiss"]
[EventCountry "SWE"]
[SourceTitle "playchess.com"]
[Source "ChessBase"]
[SourceQuality "1"]
[TimeControl "5400+30"]

1. Nf3 Nf6 2. g3 g6 3. Bg2 Bg7 4. O-O d5 5. d3 O-O 6. Nbd2 c5 7. Rb1 Nc6 8. c4 e5 9. cxd5 Nxd5 10. Ne4 b6 11. Bd2 h6 12. a3 Be6 13. Nc3 Qd7 14. Nxd5 Bxd5 15. Bc3 Rad8 16. Nd2 Bxg2 17. Kxg2 Qd5+ 18. Kg1 f5 19. Qa4 Rfe8 20. Rfd1 Rd7 21. Qc4 Nd4 22. Bxd4 exd4 23. Kf1 b5 24. Qxd5+ Rxd5 25. a4 a6 26. axb5 axb5 27. Ra1 Rde5 28. Re1 Rc8 29. b3 Kf7 30. Ra5 Rb8 31. Rc1 Bf8 32. Nb1 Re6 33. Na3 Reb6 34. Nc2 Rd8 35. Ra7+ Kg8 36. Ne1 Re8 37. Nf3 Rbe6 38. Rc2 Rd8 39. Rca2 Be7 40. Rb7 b4 41. Nd2 Kf7 42. Nc4 Kf6 43. Rba7 Rc8 44. R2a6 Rcc6 45. Rxc6 Rxc6 46. Kg2 g5 47. f3 Re6 48. Kf2 f4 49. Nd2 fxg3+ 50. hxg3 h5 51. Ne4+ Kf5 52. Ra8 h4 53. Rh8 Ra6 54. Re8 Ra7 55. Rc8 Ra2 56. g4+ Kg6 57. Rc7 Bf8 58. Rc6+ Kg7 59. Nxg5 Be7 60. Ne6+ Kf7 61. g5 h3 62. g6+ Kxg6 63. Nxc5+ Kf5 64. Ne4 Bh4+ 65. Kg1 Rxe2 66. Rh6 h2+ 67. Kh1 Re3 68. Rxh4 Rxd3 69. Ng3+ Ke5 70. Ne2 Rxf3 71. Nxd4 Rd3 72. Nc6+ Kd6 73. Rd4+ Rxd4 74. Nxd4 Kd5 75. Nc2 Ke4 76. Nxb4 Kd4 77. Na2 1-0

[Event "10th Uppsala Young Champions 2023"]
[Site "Uppsala"]
[Date "2023.10.30"]
[Round "5.6"]
[White "Steiners, Emils"]
[Black "Briem, Stephan"]
[Result "1/2-1/2"]
[ECO "E43"]
[WhiteElo "1914"]
[BlackElo "2144"]
[Annotator "RC"]
[PlyCount "133"]
[EventDate "2023.10.27"]
[EventType "swiss"]
[EventCountry "SWE"]
[SourceTitle "playchess.com"]
[Source "ChessBase"]
[SourceQuality "1"]
[TimeControl "5400+30"]

1. d4 Nf6 2. c4 e6 3. Nc3 Bb4 4. e3 b6 5. Bd3 Bb7 6. f3 c5 7. Nge2 cxd4 8. exd4 O-O 9. O-O d5 10. Bg5 dxc4 11. Bxc4 Be7 12. Qd2 Nc6 13. Rad1 Nb4 14. f4 Qd7 15. Ng3 g6 16. Bxf6 Bxf6 17. Nce4 Be7 18. Qxb4 h5 19. d5 h4 20. d6 Bd8 21. Bb5 Qc8 22. Rc1 Qb8 23. Ne2 h3 24. Bc6 hxg2 25. Rfd1 Bxc6 26. Rxc6 Qb7 27. Rdc1 b5 28. Qc3 b4 29. Nf6+ Bxf6 30. Qxf6 Qb5 31. R1c4 Qd5 32. Qd4 Qf3 33. Qf2 Qd3 34. Rc1 Rad8 35. Qxg2 Rxd6 36. Rxd6 Qxd6 37. Rf1 Rd8 38. Ng3 a5 39. Kh1 Qc5 40. Ne4 Qe3 41. Qf3 Qd4 42. Qe2 Qd5 43. Qg2 Qf5 44. Ng3 Qd3 45. f5 exf5 46. Nxf5 Rd7 47. Nh6+ Kg7 48. Ng4 Re7 49. Qf3 Qxf3+ 50. Rxf3 Re1+ 51. Kg2 Ra1 52. Ne5 f6 53. Nc4 Rxa2 54. Rf1 a4 55. Kg3 g5 56. h3 Kg6 57. Re1 a3 58. bxa3 bxa3 59. Re3 f5 60. Rxa3 Rxa3+ 61. Nxa3 g4 62. h4 Kh5 63. Nc4 f4+ 64. Kxf4 Kxh4 65. Ne3 g3 66. Nf5+ Kh3 67. Nxg3 1/2-1/2

[Event "10th Uppsala Young Champions 2023"]
[Site "Uppsala"]
[Date "2023.10.30"]
[Round "5.8"]
[White "Seiger, Vidar"]
[Black "Muntean, Victor"]
[Result "1/2-1/2"]
[ECO "A05"]
[WhiteElo "1908"]
[BlackElo "2092"]
[Annotator "RC"]
[PlyCount "94"]
[EventDate "2023.10.27"]
[EventType "swiss"]
[EventCountry "SWE"]
[SourceTitle "playchess.com"]
[Source "ChessBase"]
[SourceQuality "1"]
[TimeControl "5400+30"]

1. Nf3 Nf6 2. g3 g6 3. b4 a5 4. b5 Bg7 5. Bb2 O-O 6. Bg2 d5 7. O-O c6 8. c4 dxc4 9. a4 cxb5 10. axb5 Nbd7 11. Na3 Nc5 12. Nxc4 Be6 13. d3 Bxc4 14. dxc4 Qxd1 15. Rfxd1 Nfd7 16. Bxg7 Kxg7 17. Rd5 Rfc8 18. Bh3 Rc7 19. Bxd7 Nxd7 20. Nd2 b6 21. f3 Nc5 22. Kf2 Raa7 23. Ra3 Rd7 24. e4 e6 25. Rxd7 Rxd7 26. Ke3 g5 27. Rc3 g4 28. fxg4 Rxd2 29. Kxd2 Nxe4+ 30. Kc2 Nxc3 31. Kxc3 Kf6 32. c5 Ke7 33. cxb6 Kd7 34. Kb3 e5 35. Ka4 e4 36. Kxa5 e3 37. Ka6 e2 38. b7 e1=Q 39. b8=Q Qa1+ 40. Kb7 Qh1+ 41. Ka7 Qa1+ 42. Kb6 Qd4+ 43. Ka5 Qc3+ 44. Ka4 Qc4+ 45. Ka5 Qc3+ 46. Ka4 Qc4+ 47. Ka5 Qc3+ 1/2-1/2

[Event "10th Uppsala Young Champions 2023"]
[Site "Uppsala"]
[Date "2023.10.30"]
[Round "5.9"]
[White "Morell, Oscar"]
[Black "Nilsson, Oliver"]
[Result "0-1"]
[ECO "C55"]
[WhiteElo "1942"]
[BlackElo "1933"]
[Annotator "RC"]
[PlyCount "56"]
[EventDate "2023.10.27"]
[EventType "swiss"]
[EventCountry "SWE"]
[SourceTitle "playchess.com"]
[Source "ChessBase"]
[SourceQuality "1"]
[TimeControl "5400+30"]

1. e4 e5 2. Nf3 Nc6 3. Bc4 Nf6 4. d3 h6 5. c3 d6 6. a4 g6 7. Qb3 Qe7 8. Nbd2 Bg7 9. O-O O-O 10. a5 Kh7 11. Re1 Nd7 12. Nf1 Nc5 13. Qd1 Ne6 14. Ne3 f5 15. exf5 gxf5 16. d4 Nf4 17. dxe5 dxe5 18. Qb3 e4 19. Nf1 Nxg2 20. Ng5+ hxg5 21. Kxg2 Ne5 22. Ng3 Bd7 23. Bb5 c6 24. Bf1 Be6 25. Qc2 Rad8 26. b4 Bd5 27. Be3 Nd3 28. Red1 f4 0-1

[Event "10th Uppsala Young Champions 2023"]
[Site "Uppsala"]
[Date "2023.10.30"]
[Round "5.10"]
[White "Mai, Alexander Oliver"]
[Black "Ostensson, Julia"]
[Result "1-0"]
[ECO "B41"]
[WhiteElo "2118"]
[BlackElo "1878"]
[Annotator "RC"]
[PlyCount "109"]
[EventDate "2023.10.27"]
[EventType "swiss"]
[EventCountry "SWE"]
[SourceTitle "playchess.com"]
[Source "ChessBase"]
[SourceQuality "1"]
[TimeControl "5400+30"]

1. e4 c5 2. Nf3 e6 3. d4 cxd4 4. Nxd4 a6 5. c4 Nf6 6. Nc3 Qc7 7. a3 b6 8. f3 Bb7 9. Be3 Nc6 10. b4 Ne5 11. Rc1 d6 12. Be2 Ned7 13. O-O Be7 14. Qd2 O-O 15. Rc2 Rac8 16. Rb1 Rfd8 17. Bf1 Bf8 18. Qf2 Ba8 19. Rcc1 Qa7 20. Qe2 Bb7 21. a4 d5 22. cxd5 exd5 23. exd5 Nxd5 24. Nxd5 Rxc1 25. Rxc1 Bxd5 26. Qxa6 Qxa6 27. Bxa6 Bxb4 28. Nc6 Bxc6 29. Rxc6 Rb8 30. Rc7 Bc5 31. Bxc5 Nxc5 32. Bb5 g6 33. Ra7 Kg7 34. Bc4 Rb7 35. Ra8 Rd7 36. Kf1 Rd1+ 37. Ke2 Ra1 38. Ra7 Rxa4 39. Rxf7+ Kh6 40. Bd5 Rd4 41. Bc6 Rd6 42. Bb5 Nb3 43. Kf2 Rd2+ 44. Kg3 Nd4 45. Bd7 Ne2+ 46. Kg4 Rd4+ 47. Kh3 Nf4+ 48. Kg3 Nh5+ 49. Kf2 Rd2+ 50. Kf1 Rb2 51. g4 Rb1+ 52. Kg2 Rb2+ 53. Kh3 Ng7 54. f4 Rb3+ 55. Kh4 1-0

[Event "10th Uppsala Young Champions 2023"]
[Site "Uppsala"]
[Date "2023.10.30"]
[Round "5.11"]
[White "Valcu, Lavinia"]
[Black "Frank, Anton"]
[Result "1-0"]
[ECO "A45"]
[WhiteElo "1990"]
[BlackElo "1997"]
[Annotator "RC"]
[PlyCount "69"]
[EventDate "2023.10.27"]
[EventType "swiss"]
[EventCountry "SWE"]
[SourceTitle "playchess.com"]
[Source "ChessBase"]
[SourceQuality "1"]
[TimeControl "5400+30"]

1. d4 Nf6 2. Bg5 c5 3. d5 Ne4 4. Bf4 Qb6 5. Bc1 c4 6. Nh3 d6 7. f3 Bxh3 8. fxe4 Bg4 9. Na3 Qc5 10. c3 a6 11. Nc2 e5 12. g3 Be7 13. Bg2 O-O 14. Ne3 Qc8 15. Bf3 Bh3 16. Qc2 g6 17. Bd2 Bd7 18. h4 a5 19. h5 b5 20. Rh2 g5 21. h6 Na6 22. Nf5 Bxf5 23. exf5 Nc5 24. f6 Bxf6 25. Rh5 Qd8 26. Qf5 e4 27. Bxg5 Nd3+ 28. exd3 exf3 29. Bxf6 Qe8+ 30. Qe4 Qxe4+ 31. dxe4 Rfe8 32. Rg5+ Kf8 33. Rg4 b4 34. Kf2 b3 35. a3 1-0

[Event "10th Uppsala Young Champions 2023"]
[Site "Uppsala"]
[Date "2023.10.30"]
[Round "6.1"]
[White "Omarsson, Adam"]
[Black "Gavrilescu, David"]
[Result "0-1"]
[ECO "D35"]
[WhiteElo "1946"]
[BlackElo "2534"]
[Annotator "RC"]
[PlyCount "74"]
[EventDate "2023.10.27"]
[EventType "swiss"]
[EventCountry "SWE"]
[SourceTitle "playchess.com"]
[Source "ChessBase"]
[SourceQuality "1"]
[TimeControl "5400+30"]

1. d4 d5 2. c4 e6 3. Nc3 Nf6 4. cxd5 exd5 5. Bg5 Bb4 6. e3 h6 7. Bh4 g5 8. Bg3 h5 9. Be5 Nbd7 10. Bd3 c6 11. Qb3 Qe7 12. Bxf6 Nxf6 13. Nge2 h4 14. a3 Bd6 15. Qc2 h3 16. g3 Ng4 17. Bf5 Be6 18. b4 Qf6 19. Bxg4 Bxg4 20. e4 Qg6 21. O-O-O a5 22. exd5 axb4 23. Qe4+ Qxe4 24. Nxe4 Be7 25. d6 Bf3 26. Rhe1 Bxe4 27. dxe7 Rxa3 28. Kb2 Rh6 29. Nc1 Re6 30. Re3 Rxe3 31. fxe3 Rf6 32. Rd2 Rf1 33. Nb3 b6 34. Re2 Rb1+ 35. Ka2 Rg1 36. Kb2 Rg2 37. Nc1 Bd3 0-1

[Event "10th Uppsala Young Champions 2023"]
[Site "Uppsala"]
[Date "2023.10.30"]
[Round "6.2"]
[White "Stefansson, Vignir Vatnar"]
[Black "Ljung, Harald"]
[Result "1-0"]
[ECO "A05"]
[WhiteElo "2484"]
[BlackElo "2159"]
[Annotator "RC"]
[PlyCount "41"]
[EventDate "2023.10.27"]
[EventType "swiss"]
[EventCountry "SWE"]
[SourceTitle "playchess.com"]
[Source "ChessBase"]
[SourceQuality "1"]
[TimeControl "5400+30"]

1. Nf3 Nf6 2. g3 b6 3. Bg2 Bb7 4. O-O e6 5. d3 Be7 6. Nbd2 O-O 7. e4 d6 8. Qe2 Nbd7 9. d4 c5 10. c4 Rc8 11. b3 d5 12. cxd5 exd5 13. e5 Ne4 14. Bb2 cxd4 15. Nxe4 dxe4 16. Nxd4 Nc5 17. Nf5 Nd3 18. Bd4 Bc5 19. Bxe4 Bxd4 20. Bxb7 Re8 21. Nxd4 1-0

[Event "10th Uppsala Young Champions 2023"]
[Site "Uppsala"]
[Date "2023.10.30"]
[Round "6.3"]
[White "Sorensen, Hampus"]
[Black "Grahn, Vidar"]
[Result "1-0"]
[ECO "D87"]
[WhiteElo "2470"]
[BlackElo "2133"]
[Annotator "RC"]
[PlyCount "105"]
[EventDate "2023.10.27"]
[EventType "swiss"]
[EventCountry "SWE"]
[SourceTitle "playchess.com"]
[Source "ChessBase"]
[SourceQuality "1"]
[TimeControl "5400+30"]

1. d4 Nf6 2. c4 g6 3. Nc3 d5 4. cxd5 Nxd5 5. e4 Nxc3 6. bxc3 Bg7 7. Bc4 c5 8. Ne2 Nc6 9. Be3 O-O 10. O-O Bg4 11. f3 Na5 12. Bxf7+ Rxf7 13. fxg4 Rxf1+ 14. Kxf1 Qd6 15. Kg1 Qe6 16. Qc2 cxd4 17. cxd4 Rc8 18. Qd3 Nc4 19. Bf2 Qxg4 20. h3 Qd7 21. Qb3 b5 22. a4 a6 23. e5 e6 24. axb5 axb5 25. Nc3 Rb8 26. Ra6 Qc8 27. Ra2 Bh6 28. Ne4 Ra8 29. Rxa8 Qxa8 30. Nf6+ Kh8 31. Qxb5 Ne3 32. Qe8+ Qxe8 33. Nxe8 Kg8 34. Nf6+ Kf7 35. Ne4 Nd5 36. Kf1 Bc1 37. Ke2 h5 38. Nd6+ Kg7 39. Nc4 Bg5 40. Be3 Be7 41. Bd2 g5 42. g4 h4 43. Kf3 Kg6 44. Nd6 Bxd6 45. exd6 Nf6 46. Ba5 Nd7 47. Ke4 Nb8 48. Bc7 Nd7 49. Bd8 Kf7 50. Bxg5 e5 51. d5 Nb6 52. Bd8 Nd7 53. Bxh4 1-0

[Event "10th Uppsala Young Champions 2023"]
[Site "Uppsala"]
[Date "2023.10.30"]
[Round "6.4"]
[White "Domalchuk-Jonasson, Aleksandr"]
[Black "Steiners, Emils"]
[Result "1-0"]
[ECO "E08"]
[WhiteElo "2392"]
[BlackElo "1914"]
[Annotator "RC"]
[PlyCount "87"]
[EventDate "2023.10.27"]
[EventType "swiss"]
[EventCountry "SWE"]
[SourceTitle "playchess.com"]
[Source "ChessBase"]
[SourceQuality "1"]
[TimeControl "5400+30"]

1. d4 d5 2. Nf3 Nf6 3. g3 e6 4. Bg2 Be7 5. O-O O-O 6. c4 Nbd7 7. Qc2 b6 8. cxd5 Nxd5 9. a3 Bb7 10. e4 N5f6 11. Nc3 c5 12. Rd1 cxd4 13. Nxd4 Rc8 14. Qe2 Bc5 15. Bg5 Qe8 16. Ndb5 a6 17. Nd6 Bxd6 18. Rxd6 b5 19. e5 Nd5 20. Nxd5 Bxd5 21. Bxd5 exd5 22. Rxd5 f6 23. Bf4 fxe5 24. Bxe5 Rf5 25. Qd3 Rxe5 26. Rxd7 Re7 27. Qd5+ Kh8 28. Rd1 h6 29. Rd6 Re1+ 30. Rxe1 Qxe1+ 31. Kg2 Rf8 32. Qd4 Qe7 33. Rxh6+ Kg8 34. Qd5+ Rf7 35. Rxa6 Kh8 36. h4 Rf8 37. Ra8 Rxa8 38. Qxa8+ Kh7 39. Qd5 b4 40. a4 Qe2 41. b3 g6 42. a5 Kh6 43. Qd4 Qb5 44. Qh8# 1-0

[Event "10th Uppsala Young Champions 2023"]
[Site "Uppsala"]
[Date "2023.10.30"]
[Round "6.5"]
[White "Morell, Ludvig"]
[Black "Falkevall, Axel"]
[Result "0-1"]
[ECO "C54"]
[WhiteElo "2017"]
[BlackElo "2280"]
[Annotator "RC"]
[PlyCount "86"]
[EventDate "2023.10.27"]
[EventType "swiss"]
[EventCountry "SWE"]
[SourceTitle "playchess.com"]
[Source "ChessBase"]
[SourceQuality "1"]
[TimeControl "5400+30"]

1. e4 e5 2. Nf3 Nc6 3. Bc4 Nf6 4. d3 Bc5 5. c3 a5 6. Nbd2 d6 7. h3 O-O 8. Nf1 Be6 9. Bxe6 fxe6 10. Be3 Bxe3 11. Nxe3 a4 12. Qc2 Nh5 13. O-O-O Nf4 14. Nh2 b5 15. g3 Nh5 16. Qe2 g6 17. d4 a3 18. b3 b4 19. dxe5 Nxe5 20. Rhg1 bxc3 21. f4 Nd7 22. f5 c2 23. Nxc2 Qg5+ 24. Kb1 Nc5 25. Nd4 exf5 26. exf5 Rae8 27. Qc4+ Kh8 28. g4 Nf6 29. Ne6 Nxe6 30. fxe6 Qe5 31. Rg2 Ne4 32. Rc2 c5 33. Rf1 d5 34. Qd3 c4 35. Rxf8+ Rxf8 36. e7 Rb8 37. Qf3 Qxe7 38. Qf4 Rf8 39. Qe3 Qf6 40. b4 Rb8 41. Qxa3 d4 42. g5 Qd6 43. Nf3 d3 0-1

[Event "10th Uppsala Young Champions 2023"]
[Site "Uppsala"]
[Date "2023.10.30"]
[Round "6.6"]
[White "Briem, Stephan"]
[Black "Seiger, Vidar"]
[Result "1-0"]
[ECO "E61"]
[WhiteElo "2144"]
[BlackElo "1908"]
[Annotator "NA RC"]
[PlyCount "109"]
[EventDate "2023.10.27"]
[EventType "swiss"]
[EventCountry "SWE"]
[SourceTitle "playchess.com"]
[Source "ChessBase"]
[SourceQuality "1"]
[TimeControl "5400+30"]

1. d4 Nf6 2. c4 g6 3. Nc3 Bg7 4. Nf3 O-O 5. Bg5 c5 6. d5 h6 7. Bh4 d6 8. e3 a6 9. Nd2 Nbd7 10. Be2 Ne5 11. Qc2 Qa5 12. O-O Bf5 13. e4 Bd7 14. a4 g5 15. Bg3 Ng6 16. Ra3 Bg4 17. h3 Bxe2 18. Nxe2 Nh5 19. Nf3 Qc7 20. Bh2 Qd7 21. Ng3 Nxg3 22. Bxg3 b5 23. b3 Rfb8 24. Re1 bxc4 25. bxc4 Rb2 26. Qd3 Rab8 27. e5 dxe5 28. Nxe5 Nxe5 29. Bxe5 Bxe5 30. Rxe5 Rb1+ 31. Kh2 Qd6 32. Qg3 Rc1 33. Rxe7 Qxg3+ 34. Kxg3 Rxc4 35. Ra7 Rd4 36. Rf3 Rxd5 37. Rfxf7 Rd6 38. Rg7+ Kh8 39. Rh7+ Kg8 40. Rhc7 Rg6 41. Rxc5 h5 42. f3 Rd8 43. Rcc7 Rf8 44. a5 Rf4 45. Rcb7 h4+ 46. Kf2 Rf5 47. Rb8+ Rf8 48. Rb6 Rxb6 49. axb6 Rb8 50. Rxa6 Kf7 51. Ke3 Ke6 52. Ke4 g4 53. hxg4 Rb7 54. Kf4 Kf6 55. g5+ 1-0

[Event "10th Uppsala Young Champions 2023"]
[Site "Uppsala"]
[Date "2023.10.30"]
[Round "6.7"]
[White "Oksendal, Martin"]
[Black "Tripathi, Pratyush"]
[Result "1-0"]
[ECO "C06"]
[WhiteElo "2123"]
[BlackElo "1801"]
[Annotator "NA RC"]
[PlyCount "39"]
[EventDate "2023.10.27"]
[EventType "swiss"]
[EventCountry "SWE"]
[SourceTitle "playchess.com"]
[Source "ChessBase"]
[SourceQuality "1"]
[TimeControl "5400+30"]

1. e4 e6 2. d4 d5 3. Nd2 Be7 4. Bd3 Nf6 5. e5 Nfd7 6. c3 c5 7. Ne2 Nc6 8. O-O a6 9. f4 b5 10. Nf3 Qb6 11. Be3 O-O 12. dxc5 Bxc5 13. Ned4 h6 14. b4 Nxd4 15. Nxd4 Bxd4 16. Bxd4 Qc7 17. Bc2 Re8 18. Rf3 Nb6 19. Rg3 Nc4 20. Qg4 1-0

[Event "10th Uppsala Young Champions 2023"]
[Site "Uppsala"]
[Date "2023.10.30"]
[Round "6.8"]
[White "Muntean, Victor"]
[Black "Mai, Alexander Oliver"]
[Result "0-1"]
[ECO "B22"]
[WhiteElo "2092"]
[BlackElo "2118"]
[Annotator "NA RC"]
[PlyCount "90"]
[EventDate "2023.10.27"]
[EventType "swiss"]
[EventCountry "SWE"]
[SourceTitle "playchess.com"]
[Source "ChessBase"]
[SourceQuality "1"]
[TimeControl "5400+30"]

1. e4 c5 2. c3 Nf6 3. e5 Nd5 4. Nf3 d6 5. Bc4 Nb6 6. Bb3 c4 7. Bc2 dxe5 8. Nxe5 Qd5 9. Qe2 f6 10. Nf3 Qe6 11. Qxe6 Bxe6 12. b3 Nc6 13. O-O Rd8 14. Re1 Kf7 15. Na3 Bd5 16. bxc4 Nxc4 17. d4 Nxa3 18. Bxa3 e6 19. Bxf8 Rhxf8 20. Bb3 Na5 21. Nd2 Rc8 22. Re3 Rc7 23. Rae1 Rfc8 24. c4 Nxc4 25. Nxc4 Bxc4 26. Rxe6 Bxe6 27. Bxe6+ Kf8 28. Bxc8 Rxc8 29. Kf1 Rc4 30. Rd1 Ke7 31. Rd2 Kd6 32. Ke2 Kd5 33. Ke3 Rc3+ 34. Kf4 Rc4 35. Ke3 b5 36. h4 a5 37. g4 b4 38. h5 a4 39. Kf3 b3 40. axb3 axb3 41. Rb2 Rb4 42. Kf4 Kxd4 43. Kf5 Kc3 44. Rb1 Kc2 45. Re1 b2 0-1

[Event "10th Uppsala Young Champions 2023"]
[Site "Uppsala"]
[Date "2023.10.30"]
[Round "6.9"]
[White "Nilsson, Oliver"]
[Black "Valcu, Lavinia"]
[Result "1/2-1/2"]
[ECO "B12"]
[WhiteElo "1933"]
[BlackElo "1990"]
[Annotator "NA RC"]
[PlyCount "73"]
[EventDate "2023.10.27"]
[EventType "swiss"]
[EventCountry "SWE"]
[SourceTitle "playchess.com"]
[Source "ChessBase"]
[SourceQuality "1"]
[TimeControl "5400+30"]

1. e4 c6 2. d4 d5 3. f3 dxe4 4. fxe4 e5 5. Nf3 Bg4 6. Bc4 Nd7 7. O-O Ngf6 8. c3 Bd6 9. Bg5 h6 10. Bh4 g5 11. Bg3 Qe7 12. Nbd2 O-O-O 13. Qa4 Kb8 14. Qa5 c5 15. Rae1 Bh5 16. Bb3 Bc7 17. Qa3 Rhe8 18. Nc4 Bxf3 19. Rxf3 cxd4 20. Qxe7 Rxe7 21. cxd4 Nh5 22. Bxe5 Nxe5 23. Nxe5 Bb6 24. Nxf7 Rxd4 25. Kf1 Ba5 26. Rc1 Rdxe4 27. Nd6 Re1+ 28. Rxe1 Rxe1+ 29. Kf2 Nf4 30. Nc4 Re2+ 31. Kf1 Bb4 32. a3 Re1+ 33. Kf2 Re2+ 34. Kf1 Re1+ 35. Kf2 Re2+ 36. Kf1 Re1+ 37. Kf2 1/2-1/2